 Dungeon Crawl Stone Soup version 0.19.3-4-gbf9329e (webtiles) character file.

149 Alarkh the Chopper (level 5, 0/41 HPs)
             Began as a Demonspawn Monk on Jan 28, 2017.
             Slain by a phantom (7 damage)
             ... on level 3 of the Dungeon.
             The game lasted 00:04:40 (4159 turns).

Alarkh the Chopper (Demonspawn Monk)                Turns: 4159, Time: 00:04:40

Health: 0/41       AC:  3    Str: 11    XL:     5   Next: 9%
Magic:  5/5        EV: 13    Int: 12    God:
Gold:   105        SH:  0    Dex: 16    Spells: 0 memorised, 4 levels left

rFire  + . .     SeeInvis .     a - +0 hand axe
rCold  . . .     Gourm    +     b - +0 robe
rNeg   . . .     Faith    .     (no shield)
rPois  .         Spirit   .     (no helmet)
rElec  .         Reflect  .     (no cloak)
rCorr  +         Harm     .     (no gloves)
MR     .....                    k - +0 pair of boots
Stlth  +.........               p - amulet of the gourmand
                                q - ring of loudness (curse)
                                m - ring of resist corrosion

@: no status effects
A: fire resistance 1, flame cloud immunity
a: no special abilities


You were on level 3 of the Dungeon.
You were completely stuffed.

You visited 1 branch of the dungeon, and saw 4 of its levels.

You collected 105 gold pieces.

Inventory:

Hand Weapons
 a - a +0 hand axe (weapon)
Armour
 b - a +0 robe (worn)
 k - a +0 pair of boots (worn)
Jewellery
 m - a ring of resist corrosion (left hand)
 p - an amulet of the gourmand (around neck)
 q - a cursed ring of loudness (right hand)
 x - an uncursed ring of see invisible {unknown}
Scrolls
 d - a scroll of amnesia {unknown}
 e - a scroll of identify
 l - a scroll of magic mapping {unknown}
 n - 2 scrolls of fear {unknown}
 r - a scroll of teleportation {unknown}
 u - a scroll of enchant armour {unknown}
 y - a scroll of fog {unknown}
Potions
 g - a potion of heal wounds
 h - a potion of brilliance
 o - 2 potions of cancellation {unknown}
 s - a potion of flight {unknown}
 t - a potion of lignification {unknown}
Books
 v - a book of Conjurations

   Spells                             Type                      Level
   a - Magic Dart                     Conjuration                  1
   b - Searing Ray                    Conjuration                  2
   c - Dazzling Spray                 Conjuration/Hexes            3
   d - Fulminant Prism                Conjuration/Hexes            4
   e - Iskenderun's Mystic Blast      Conjuration                  4
   f - Iskenderun's Battlesphere      Conjuration/Charms           5
Comestibles
 c - 2 bread rations
 f - 2 beef jerkies
 i - 4 meat rations
 j - a slice of pizza
 w - 3 chunks of flesh


   Skills:
 - Level 3.0 Fighting
 + Level 5.3 Axes
 - Level 2.6 Dodging
 - Level 1.7 Stealth


You had 4 spell levels left.
You didn't know any spells.

Dungeon Overview and Level Annotations

Branches:
Dungeon (4/15)
 Temple: D:4-7

Altars:
Nemelex Xobeh
Qazlal
Zin

Annotations:
D:3 Alarkh's ghost, amateur DsMo


Innate Abilities, Weirdness & Mutations

Your flesh is heat resistant. (rF+)
You are immune to clouds of flame.


Message History

The gnoll shaman hits you with a whip.
You are too injured to fight recklessly!
The phantom closely misses you. The phantom hits you.
The gnoll shaman utters an invocation to its god.
The gnoll shaman is healed somewhat.
There is a stone staircase leading up here.
The phantom hits you!
* * * LOW HITPOINT WARNING * * *
You climb upwards.
Level annotation: Alarkh's ghost, amateur DsMo
There is a stone staircase leading down, spattered with blood here.
The phantom hits you.
* * * LOW HITPOINT WARNING * * *
Things that are here:
a spear; a whip The phantom blinks!
The phantom blinks!
The phantom hits you!
You die...

.....+.....# #.......#
...#.#.....# #.......#
...#.#.....# #.......#
...#+##'#### #.......#
......#.#################....###.
......#...§..................#E#.
......#.#####.§.##########.#####.
......#)#####[..##### #.##....
...>..#>..).'...@...## #.##....
......#######..W###..# #.##....
......#### #...# ##.#####.#####.
.....('..# #...# #.........#E#.
......##.# ########.<####.#####.
########.# #.........# #.# ##
#...##.# #.........# #.# #.#.##.#
#....)....## #.#
#.#....####..........# #.#


You could see a phantom.

Vanquished Creatures
  3 gnolls
  2 adders (D:3)
  2 oozes
  3 worms
  4 leopard geckos
  3 orcs
  A giant cockroach (D:2)
  6 goblins
  8 hobgoblins
  2 jackals (D:1)
  3 quokkas
  4 bats
  8 frilled lizards
  16 kobolds
  12 rats
77 creatures vanquished.

Vanquished Creatures (others)
  A fungus (D:4)
1 creature vanquished.

Grand Total: 78 creatures vanquished

Notes
Turn   | Place    | Note
-------+----------+-------------------------------------------
     0 | D:1      | Alarkh the Demonspawn Monk began the quest for the Orb.
     0 | D:1      | Reached XP level 1. HP: 18/18 MP: 1/1
    71 | D:1      | Reached skill level 3 in Axes
    76 | D:1      | Gained mutation: Your flesh is heat resistant. (rF+) [demonic ancestry]
    76 | D:1      | Reached XP level 2. HP: 7/24 MP: 2/2
  1113 | D:2      | Reached XP level 3. HP: 28/29 MP: 3/3
  1224 | D:2      | Reached skill level 4 in Axes
  1986 | D:2      | Found a glowing silver altar of Zin.
  1987 | D:2      | Noticed an angel
  2096 | D:2      | Found a sparkling altar of Nemelex Xobeh.
  2353 | D:3      | Reached XP level 4. HP: 32/35 MP: 4/4
  2655 | D:3      | Noticed Alarkh's ghost (amateur DsMo)
  2657 | D:3      | Noticed a water elemental
  2658 | D:3      | Found a stormy altar of Qazlal.
  2664 | D:3      | Noticed an air elemental
  2664 | D:3      | Noticed a fire elemental
  2664 | D:3      | Noticed an earth elemental
  3176 | D:4      | Noticed a phantom
  3306 | D:3      | Reached skill level 5 in Axes
  4040 | D:3      | Gained mutation: You are immune to clouds of flame. [demonic ancestry]
  4040 | D:3      | Reached XP level 5. HP: 36/41 MP: 5/5
  4159 | D:3      | Slain by a phantom

Skill      XL: |  1  2  3  4 |
---------------+-------------+-----
Axes           | 3 4 5 |  5.3
Fighting       | |  3.0
Dodging        | |  2.6
Stealth        | |  1.7

Action                   |  1- 3 |  4- 6 || total
-------------------------+-------+-------++-------
Melee: Hand axe          |   228 |   108 ||   336
  Use: Potion            |     3 |       ||     3
       Scroll            |     1 |     1 ||     2
 Stab: Sleeping          |     4 |       ||     4
  Eat: Chunk             |    10 |    11 ||    21
Armor: Robe              |    39 |    14 ||    53
Dodge: Dodged            |   128 |    78 ||   206
